 Dungeon Crawl Stone Soup version 0.27-a0-1228-gfd60fd639a (webtiles) character file.

Game seed: 15507155822334162729

14 ZappyNine the Sneak (level 2, -1/17 HPs)
             Began as a Vampire Brigand on June 7, 2021.
             Slain by a jackal (3 damage)
             ... on level 1 of the Dungeon.
             The game lasted 00:00:33 (229 turns).

ZappyNine the Sneak (Vampire Brigand)                Turns: 229, Time: 00:00:33

Health: -1/17      AC:  3    Str: 10    XL:     2   Next: 27%
Magic:  2/2        EV: 12    Int: 13    God:
Gold:   22         SH:  0    Dex: 15    Spells: 1/1 levels left

rFire    . . .     SeeInvis +   a - +2 dagger
rCold    + + .     Faith    .   (no shield)
rNeg     + + +     Spirit   .   b - +0 robe
rPois    ∞         Reflect  .   (no helmet)
rElec    .         Harm     .   c - +0 cloak
rCorr    .         Rampage  .   (no gloves)
Will     .....                  (no boots)
Stlth    +++++.....             (no amulet)
HPRegen  0.00/turn              (no ring)
MPRegen  0.08/turn              (no ring)

@: bloodless
A: bloodless, fangs 3, see invisible, vampiric 1
a: Revivify


You were on level 1 of the Dungeon.
You visited 1 branch of the dungeon, and saw 1 of its levels.

You collected 22 gold pieces.

Inventory:

Hand Weapons
 a - a +2 dagger (weapon)
Missiles
 d - 8 poisoned darts (quivered)
 e - 2 curare-tipped darts
Armour
 b - a +0 robe (worn)
 c - a +0 cloak (worn)


   Skills:
 + Level 2.1 Fighting
 + Level 2.6 Short Blades
 - Level 1.5 Throwing
 - Level 1.1 Dodging
 + Level 6.2 Stealth


You had one spell level left.
You didn't know any spells.
Your spell library was empty.

Dungeon Overview and Level Annotations

Branches:
Dungeon (1/15)

Altars:


Innate Abilities, Weirdness & Mutations

You do not regenerate when monsters are visible.
You are frail without blood (-20% HP).
You can heal yourself when you bite living creatures.
You are immune to poison.
You have razor-sharp teeth.
You have supernaturally acute eyesight. (SInv)
You are afflicted with vampirism.


Message History

You barely miss the jackal.
The jackal is almost dead.
The jackal bites you.
Unknown command.
You hit the jackal but do no damage.
The jackal is almost dead.
The jackal bites you.
* * * LOW HITPOINT WARNING * * *
The jackal bites you but does no damage.
Unknown command.
Unknown command.
You hit the jackal but do no damage.
The jackal is almost dead.
The jackal closely misses you.
Unknown command.
Unknown command.
You aren't carrying any potions.
The jackal bites you but does no damage.
Continue your ritual? [Y]es or [N]o only, please.
Continue your ritual? [Y]es or [N]o only, please.
Continue your ritual?
You stop revivifying.
You barely miss the jackal.
The jackal is almost dead.
The jackal closely misses you.
Unknown command.
You hit the jackal but do no damage.
The jackal is almost dead.
The jackal bites you.
* * * LOW HITPOINT WARNING * * *
The jackal barely misses you.
Unknown command.
Unknown command.
You aren't carrying any potions.
Unknown command.
A bat comes into view.
The jackal bites you.
You die...

........##....#
..............#
####.....#†.†.#
###...##......##
#.l.S####.....>########
.....####.....l†.....$###
..........#######........
........#########h.......
................@........
######.###############...
..................### ..
####.####.####.##...## b
#... #...##...###..# #.⌠.
#.⌠.##.⌠.# ##.# #...
#...##...####.# ##.#
##.####.###...#
####.####.####.###.⌠.#


You could see a jackal.

Vanquished Creatures
  3 ball pythons (D:1)
  An endoplasm (D:1)
  2 giant cockroaches (D:1)
  3 jackals (D:1)
  A frilled lizard (D:1)
  A rat (D:1)
11 creatures vanquished.

Notes
Turn   | Place    | Note
-------+----------+-------------------------------------------
     0 | D:1      | ZappyNine the Vampire Brigand began the quest for the Orb.
     0 | D:1      | Reached XP level 1. HP: 16/16 MP: 1/1
    76 | D:1      | Found a faded altar of an unknown god.
    84 | D:1      | Reached skill level 6 in Stealth
   181 | D:1      | Reached XP level 2. HP: 17/17 MP: 2/2
   229 | D:1      | Slain by a jackal

Illustrated notes

Levels and vault maps discovered:
D:1:      dpeg_arrival_chambers_temple_mockup, layout_rooms,
          basic_ecumenical_altar

Skill      XL: |  1 |
---------------+----+-----
Stealth        | 6 |  6.2
Fighting       | 2 |  2.1
Short Blades   | |  2.6
Throwing       | |  1.5
Dodging        | |  1.1

Action                   || total
-------------------------++-------
Melee: Dagger            ||    46
       Bite              ||     3
 Abil: Exsanguinate      ||     1
       Revivify          ||     1
 Stab: Sleeping          ||     2
Armor: Robe              ||    17
Dodge: Dodged            ||    26

Table legend: (Time is in decaauts)
 A = Elapsed time spent in this place.
 B = Non-inter-level travel time spent in this place.
 C = Inter-level travel time spent in this place.
 D = Time resting spent in this place.
 E = Time spent auto-exploring this place.
 F = Levels seen in this place.
 G = Mean time per level.
                   A        B        C        D        E       F      G
               +--------+--------+--------+--------+--------+-----+--------+
         Total |    223 |    223 |      0 |      3 |    133 |   1 |  223.0 |
       Dungeon |    223 |    223 |      0 |      3 |    133 |   1 |  223.0 |
               +--------+--------+--------+--------+--------+-----+--------+

Top non-repeatable levels by time:
     D:1: 223 daAuts
